TOP OF THE 1ST |
Cincinnati Reds batting - Pitching for Montreal Expos : LHP Frank Riccelli
|
Pitching: LHP Frank Riccelli
|
|
Batting: RHB Jim Anderson
|
0-0: Swinging Strike 0-1: Ball 1-1: Swinging Strike 1-2: Ground out 4-3 (Groundball, 4, EV 81.3 MPH)
|
Batting: RHB Gary Matthews
|
0-0: Ball 1-0: Ball 2-0: Called Strike 2-1: Fly out, F8 (Line Drive, 8LM, EV 92.5 MPH)
|
Batting: LHB Mike Easler
|
0-0: Swinging Strike 0-1: Ball 1-1: SINGLE (Flyball, 8LS, EV 89.4 MPH)
|
Batting: RHB Johnny Bench
|
0-0: Ball 1-0: Swinging Strike 1-1: Foul Ball, location: 2F 1-2: Strikes out looking
|
Top of the 1st over - 0 runs, 1 hit, 0 errors, 1 left on base; Cincinnati 0 - Montreal 0 |
BOTTOM OF THE 1ST |
Montreal Expos batting - Pitching for Cincinnati Reds : RHP Gary Nolan
|
Pitching: RHP Gary Nolan
|
|
Batting: LHB Duane Walker
|
0-0: Ball 1-0: Ball 2-0: Ball 3-0: Reached on error, E2 (Groundball, 15S, EV 67.5 MPH)
|
Batting: SHB Garry Templeton
|
0-0: SINGLE (Groundball, 34D, EV 96.9 MPH) Duane Walker to second Runner from 2nd tries for 3rd, SAFE, throw by RF made to third
|
Batting: LHB Kirk Gibson
|
0-0: Fly out, F7 (Flyball, 7LM, EV 84.4 MPH) Runner from 3rd tags up, SCORES, no throw by LF
|
Batting: RHB Dale Murphy
|
0-0: Ball 1-0: Swinging Strike 1-1: SINGLE (Popup, 3D, EV 43.1 MPH) Garry Templeton to second
|
Batting: RHB Dave Winfield
|
0-0: Ball 1-0: Ball 2-0: Called Strike 2-1: Fly out, F4 (Popup, 4M, EV 76.3 MPH)
|
Batting: LHB Timnothy Meyer
|
0-0: Called Strike Garry Templeton steals 3rd base 0-1: Ball 1-1: Foul Ball, location: 2F 1-2: Ball 2-2: Foul Ball, location: 2F 2-2: Ground out 4-3 (Groundball, 34D, EV 110.0 MPH)
|
Bottom of the 1st over - 1 run, 2 hits, 1 error, 2 left on base; Cincinnati 0 - Montreal 1 |
TOP OF THE 2ND |
Cincinnati Reds batting - Pitching for Montreal Expos : LHP Frank Riccelli
|
Batting: LHB Darrell Evans
|
0-0: Foul Ball, location: 2F 0-1: Ground out 4-3 (Groundball, 4, EV 84.4 MPH)
|
Batting: RHB Bill Melton
|
0-0: Ball 1-0: Ball 2-0: Ground out 4-3 (Groundball, 4, EV 106.9 MPH)
|
Batting: RHB Jesus Alfaro
|
0-0: Called Strike 0-1: Fly out, F4 (Line Drive, 4, EV 68.1 MPH)
|
Top of the 2nd over - 0 runs, 0 hits, 0 errors, 0 left on base; Cincinnati 0 - Montreal 1 |
BOTTOM OF THE 2ND |
Montreal Expos batting - Pitching for Cincinnati Reds : RHP Gary Nolan
|
Batting: LHB Ernesto Quevedo
|
0-0: Swinging Strike 0-1: Foul Ball, location: 2F 0-2: Ground out 3-1 (Groundball, 13, EV 91.3 MPH)
|
Batting: LHB Orlando Sanchez
|
0-0: Ball 1-0: Called Strike 1-1: Ground out 3-1 (Groundball, 34S, EV 83.1 MPH)
|
Batting: LHB Frank Riccelli
|
0-0: Ball 1-0: Ball 2-0: Called Strike 2-1: Ground out 6-3 (Groundball, 6, EV 89.4 MPH)
|
Bottom of the 2nd over - 0 runs, 0 hits, 0 errors, 0 left on base; Cincinnati 0 - Montreal 1 |
TOP OF THE 3RD |
Cincinnati Reds batting - Pitching for Montreal Expos : LHP Frank Riccelli
|
Batting: LHB Jim Bennett
|
0-0: Called Strike 0-1: Ball 1-1: Ball 2-1: Foul Ball, location: 2F 2-2: Ball 3-2: SINGLE (Groundball, 23, EV 68.1 MPH) (infield hit)
|
Batting: RHB Gary Nolan
|
0-0: Ball 1-0: Bunted foul 1-1: Ball 2-1: Sac Bunt to 23 - play at first, batter OUT! 3-4 Jim Bennett to second
|
Batting: RHB Jim Anderson
|
0-0: Foul Ball, location: 2F 0-1: Foul Ball, location: 2F 0-2: Ground out 4-3 (Groundball, 4, EV 81.3 MPH) Jim Bennett to third
|
Batting: RHB Gary Matthews
|
0-0: Foul Ball, location: 2F 0-1: Ball 1-1: Ball 2-1: Foul Ball, location: 2F 2-2: Strikes out looking
|
Top of the 3rd over - 0 runs, 1 hit, 0 errors, 1 left on base; Cincinnati 0 - Montreal 1 |
BOTTOM OF THE 3RD |
Montreal Expos batting - Pitching for Cincinnati Reds : RHP Gary Nolan
|
Batting: LHB Duane Walker
|
0-0: Swinging Strike 0-1: Ball 1-1: Ground out 4-3 (Groundball, 4, EV 85.0 MPH)
|
Batting: SHB Garry Templeton
|
0-0: Called Strike 0-1: Swinging Strike 0-2: Ball 1-2: SINGLE (Groundball, 5S, EV 70.6 MPH) (infield hit)
|
Batting: LHB Kirk Gibson
|
0-0: Ball 1-0: Called Strike 1-1: Ball 2-1: Foul Ball, location: 2F 2-2: SINGLE (Flyball, 9S, EV 90.6 MPH) Garry Templeton to second Runner from 2nd tries for 3rd, OUT! 9-5
|
Batting: RHB Dale Murphy
|
0-0: Swinging Strike 0-1: Swinging Strike 0-2: Foul Ball, location: 2F 0-2: Ball 1-2: Ground out 4-3 (Groundball, 4, EV 82.5 MPH)
|
Bottom of the 3rd over - 0 runs, 2 hits, 0 errors, 1 left on base; Cincinnati 0 - Montreal 1 |
TOP OF THE 4TH |
Cincinnati Reds batting - Pitching for Montreal Expos : LHP Frank Riccelli
|
Batting: LHB Mike Easler
|
0-0: Ball 1-0: Ball 2-0: Ball 3-0: Swinging Strike 3-1: Foul Ball, location: 2F 3-2: Strikes out swinging
|
Batting: RHB Johnny Bench
|
0-0: Foul Ball, location: 2F 0-1: Ball 1-1: Ball 2-1: Called Strike 2-2: Foul Ball, location: 2F 2-2: Strikes out swinging
|
Batting: LHB Darrell Evans
|
0-0: Ball 1-0: DOUBLE (Line Drive, 89XD, EV 111.3 MPH)
|
Batting: RHB Bill Melton
|
0-0: Ball 1-0: Ball 2-0: Ball 3-0: Base on Balls
|
Batting: RHB Jesus Alfaro
|
0-0: Ball 1-0: Called Strike 1-1: Ball 2-1: Fielders Choice at 2nd, 6-4 (Groundball, 6D, EV 100.0 MPH)
|
Top of the 4th over - 0 runs, 1 hit, 0 errors, 2 left on base; Cincinnati 0 - Montreal 1 |
BOTTOM OF THE 4TH |
Montreal Expos batting - Pitching for Cincinnati Reds : RHP Gary Nolan
|
Batting: RHB Dave Winfield
|
0-0: Ball 1-0: Foul Ball, location: 2F 1-1: Ball 2-1: Foul Ball, location: 2F 2-2: Ground out 5-3 (Groundball, 56, EV 100.0 MPH)
|
Batting: LHB Timnothy Meyer
|
0-0: Fly out, F3 (Line Drive, 3, EV 61.3 MPH)
|
Batting: LHB Ernesto Quevedo
|
0-0: Ground out 6-3 (Groundball, 56, EV 81.9 MPH)
|
Bottom of the 4th over - 0 runs, 0 hits, 0 errors, 0 left on base; Cincinnati 0 - Montreal 1 |
TOP OF THE 5TH |
Cincinnati Reds batting - Pitching for Montreal Expos : LHP Frank Riccelli
|
Batting: LHB Jim Bennett
|
0-0: Ball 1-0: Foul Ball, location: 2F 1-1: Ball 2-1: Foul Ball, location: 2F 2-2: Foul Ball, location: 2F 2-2: Fly out, F9 (Flyball, 9LM, EV 92.5 MPH)
|
Batting: RHB Gary Nolan
|
0-0: Fly out, F8 (Flyball, 8RD, EV 101.3 MPH)
|
Batting: RHB Jim Anderson
|
0-0: Ground out 6-3 (Groundball, 6M, EV 103.8 MPH)
|
Top of the 5th over - 0 runs, 0 hits, 0 errors, 0 left on base; Cincinnati 0 - Montreal 1 |
BOTTOM OF THE 5TH |
Montreal Expos batting - Pitching for Cincinnati Reds : RHP Gary Nolan
|
Batting: LHB Orlando Sanchez
|
0-0: Ball 1-0: Foul Ball, location: 2F 1-1: Swinging Strike 1-2: TRIPLE (Line Drive, 78XD, EV 99.4 MPH)
|
Batting: LHB Frank Riccelli
|
0-0: Fly out, F7 (Flyball, 78D, EV 100.0 MPH) Runner from 3rd tags up, SCORES, no throw by LF
|
Batting: LHB Duane Walker
|
0-0: Ball 1-0: Called Strike 1-1: Foul Ball, location: 2F 1-2: Foul Ball, location: 2F 1-2: Strikes out swinging
|
Batting: SHB Garry Templeton
|
0-0: Fly out, F9 (Line Drive, 9, EV 90.0 MPH)
|
Bottom of the 5th over - 1 run, 1 hit, 0 errors, 0 left on base; Cincinnati 0 - Montreal 2 |
TOP OF THE 6TH |
Cincinnati Reds batting - Pitching for Montreal Expos : LHP Frank Riccelli
|
Batting: RHB Gary Matthews
|
0-0: Called Strike 0-1: Ball 1-1: Foul Ball, location: 2F 1-2: Ball 2-2: Strikes out swinging
|
Batting: LHB Mike Easler
|
0-0: DOUBLE (Line Drive, 89D, EV 104.4 MPH)
|
Batting: RHB Johnny Bench
|
0-0: Foul Ball, location: 2F 0-1: Foul Ball, location: 2F 0-2: Ball 1-2: Ball 2-2: Foul Ball, location: 2F 2-2: Ball 3-2: Base on Balls
|
Batting: LHB Darrell Evans
|
0-0: Fielders Choice at 2nd, 5-4 (Groundball, 5, EV 88.8 MPH) Mike Easler to third
|
Batting: RHB Bill Melton
|
0-0: Foul Ball, location: 2F 0-1: Ball 1-1: Ball 2-1: Ball 3-1: Fielders Choice at 2nd, U6 (Groundball, 6M, EV 90.0 MPH)
|
Top of the 6th over - 0 runs, 1 hit, 0 errors, 2 left on base; Cincinnati 0 - Montreal 2 |
BOTTOM OF THE 6TH |
Montreal Expos batting - Pitching for Cincinnati Reds : RHP Gary Nolan
|
Now at C: John Malkin
|
|
Batting: LHB Kirk Gibson
|
0-0: Fly out, F8 (Flyball, 78M, EV 91.3 MPH)
|
Batting: RHB Dale Murphy
|
0-0: Fly out, F8 (Flyball, 8LD, EV 104.4 MPH)
|
Batting: RHB Dave Winfield
|
0-0: Ball 1-0: Ball 2-0: Ground out 4-3 (Groundball, 4, EV 86.3 MPH)
|
Bottom of the 6th over - 0 runs, 0 hits, 0 errors, 0 left on base; Cincinnati 0 - Montreal 2 |
TOP OF THE 7TH |
Cincinnati Reds batting - Pitching for Montreal Expos : LHP Frank Riccelli
|
Batting: RHB Jesus Alfaro
|
0-0: Called Strike 0-1: Ball 1-1: Swinging Strike 1-2: Fly out, F7 (Line Drive, 7, EV 87.5 MPH)
|
Batting: LHB Jim Bennett
|
0-0: Ball 1-0: Foul Ball, location: 2F 1-1: Swinging Strike 1-2: Ball 2-2: Foul Ball, location: 2F 2-2: Foul Ball, location: 2F 2-2: Ground out 4-3 (Groundball, 4M, EV 81.9 MPH)
|
Batting: RHB Gary Nolan
|
0-0: Called Strike 0-1: Swinging Strike 0-2: Strikes out swinging
|
Top of the 7th over - 0 runs, 0 hits, 0 errors, 0 left on base; Cincinnati 0 - Montreal 2 |
BOTTOM OF THE 7TH |
Montreal Expos batting - Pitching for Cincinnati Reds : RHP Gary Nolan
|
Batting: LHB Timnothy Meyer
|
0-0: Ground out 4-3 (Groundball, 4, EV 106.3 MPH)
|
Batting: LHB Ernesto Quevedo
|
0-0: Swinging Strike 0-1: Called Strike 0-2: Ball 1-2: DOUBLE (Line Drive, 9LM, EV 103.8 MPH)
|
Batting: LHB Orlando Sanchez
|
0-0: Fly out, F8 (Flyball, 8RXD, EV 96.9 MPH) Runner from 2nd tags up, SAFE at 3rd, no throw by CF
|
Batting: LHB Frank Riccelli
|
0-0: Ball 1-0: Ball 2-0: Swinging Strike 2-1: Fly out, F8 (Line Drive, 8RM, EV 87.5 MPH)
|
Bottom of the 7th over - 0 runs, 1 hit, 0 errors, 1 left on base; Cincinnati 0 - Montreal 2 |
TOP OF THE 8TH |
Cincinnati Reds batting - Pitching for Montreal Expos : LHP Frank Riccelli
|
Batting: RHB Jim Anderson
|
0-0: Called Strike 0-1: Foul Ball, location: 2F 0-2: Ball 1-2: Ball 2-2: Foul Ball, location: 2F 2-2: Foul Ball, location: 2F 2-2: Ground out 6-3 (Groundball, P, EV 93.8 MPH)
|
Batting: RHB Gary Matthews
|
0-0: Ball 1-0: Ball 2-0: Foul Ball, location: 2F 2-1: Swinging Strike 2-2: Foul Ball, location: 2F 2-2: Strikes out swinging
|
Batting: LHB Mike Easler
|
0-0: Called Strike 0-1: Ball 1-1: Foul Ball, location: 2F 1-2: Ball 2-2: Strikes out swinging
|
Top of the 8th over - 0 runs, 0 hits, 0 errors, 0 left on base; Cincinnati 0 - Montreal 2 |
BOTTOM OF THE 8TH |
Montreal Expos batting - Pitching for Cincinnati Reds : RHP Gary Nolan
|
Batting: LHB Duane Walker
|
0-0: Called Strike 0-1: Called Strike 0-2: Strikes out looking
|
Batting: SHB Garry Templeton
|
0-0: SINGLE (Line Drive, 3D, EV 95.6 MPH)
|
Batting: LHB Kirk Gibson
|
0-0: Ball 1-0: SINGLE (Groundball, 4D, EV 105.0 MPH) Garry Templeton to second Runner from 2nd tries for 3rd, SAFE, throw by CF made to third
|
Batting: RHB Dale Murphy
|
0-0: Called Strike Kirk Gibson steals 2nd base 0-1: Ground out 6-3 (Groundball, 6, EV 109.4 MPH)
|
Batting: RHB Dave Winfield
|
0-0: Ball 1-0: Ball 2-0: Fly out, F7 (Flyball, 7S, EV 86.9 MPH)
|
Bottom of the 8th over - 0 runs, 2 hits, 0 errors, 2 left on base; Cincinnati 0 - Montreal 2 |
TOP OF THE 9TH |
Cincinnati Reds batting - Pitching for Montreal Expos : LHP Frank Riccelli
|
Now at 2B: Alex Ortiz
|
|
Now in LF: Guonçalo Fernandes
|
|
Now in RF: Luis Sanchez
|
|
Batting: RHB John Malkin
|
0-0: Foul Ball, location: 2F 0-1: Ball 1-1: SINGLE (Flyball, 34D, EV 94.4 MPH)
|
Batting: LHB Darrell Evans
|
0-0: Ball 1-0: Ball 2-0: Called Strike 2-1: Ball 3-1: Ground out 3-1 (Groundball, 34S, EV 82.5 MPH) John Malkin to second
|
Batting: RHB Bill Melton
|
0-0: Called Strike 0-1: Swinging Strike 0-2: Ball 1-2: Strikes out swinging
|
Pinch Hitting: RHB Marco Mosquera
|
0-0: Ball 1-0: Ball 2-0: Foul Ball, location: 2F 2-1: Called Strike 2-2: Ball 3-2: Foul Ball, location: 2F 3-2: Ground out 5-3 (Groundball, 5S, EV 65.6 MPH)
|
Top of the 9th over - 0 runs, 1 hit, 0 errors, 1 left on base; Cincinnati 0 - Montreal 2 |
|